 Dungeon Crawl Stone Soup version 0.18.1-8-gdd0e5ea (webtiles) character file.

11 jacquesderrida the Charmwright (level 2, -5/22 HPs)
             Began as a Demonspawn Skald on May 21, 2016.
             Slain by Terence
             ... wielding a +0 flail
              (7 damage)
             ... on level 2 of the Dungeon.
             The game lasted 00:00:35 (483 turns).

jacquesderrida the Charmwright (Demonspawn Skald)    Turns: 483, Time: 00:00:36

Health: -5/22      AC:  5    Str: 12    XL:     2   Next: 13%
Magic:  5/5        EV: 11    Int: 13    God:
Gold:   39         SH:  3    Dex: 12    Spells: 1 memorised, 4 levels left

rFire  . . .     SeeInvis .     a - +0 spear
rCold  . . .     Gourm    .     b - +0 leather armour
rNeg   . . .     Faith    .     (no shield)
rPois  .         Spirit   .     (no helmet)
rElec  .         Dismiss  .     (no cloak)
rCorr  .         Reflect  +     (no gloves)
SustAt .         Harm     .     (no boots)
MR     .....                    k - +3 amulet of reflection
Stlth  +.........               (no ring)
                                f - ring of wizardry

@: not resistant to hostile enchantments, very unstealthy
A: slimy green scales 1
a: no special abilities


You were on level 2 of the Dungeon.
You were not hungry.

You visited 1 branch of the dungeon, and saw 2 of its levels.

You collected 39 gold pieces.

Inventory:

Hand Weapons
 a - a +0 spear (weapon)
Armour
 b - a +0 leather armour (worn)
Jewellery
 f - a ring of wizardry (left hand)
 k - a +3 amulet of reflection (around neck)
Scrolls
 e - 3 scrolls of remove curse {unknown}
 g - a scroll of magic mapping {unknown}
 l - a scroll of identify {unknown}
Potions
 h - a potion of mutation {unknown}
 i - a potion of brilliance {unknown}
 j - 2 potions of haste {unknown}
Books
 c - a book of Battle

   Spells                             Type                      Level
   a - Infusion                       Charms                       1
   b - Shroud of Golubria             Charms/Translocation         2
   c - Song of Slaying                Charms                       2
   d - Spectral Weapon                Hexes/Charms                 3
   e - Regeneration                   Charms/Necromancy            3
Comestibles
 d - a bread ration


   Skills:
 + Level 2.0 Fighting
 + Level 1.8 Polearms
 + Level 0.8 Armour
 + Level 0.8 Dodging
 + Level 2.1 Spellcasting
 + Level 3.1 Charms


You had 4 spell levels left.
You knew the following spells:

 Your Spells              Type           Power        Failure   Level  Hunger
a - Infusion              Chrm           #...         4%          1    ##.....


Dungeon Overview and Level Annotations

Branches:
Dungeon (2/15)

Altars:
Okawaru

Annotations:
D:2 Terence


Innate Abilities, Weirdness & Mutations

You are partially covered in slimy green scales (AC +2).


Message History

You are too injured to fight recklessly!
You are too injured to fight recklessly!
You are too injured to fight recklessly!
You are too injured to fight recklessly!
You are too injured to fight recklessly!
You are too injured to fight recklessly!
You are too injured to fight recklessly!
You are too injured to fight recklessly!
You are too injured to fight recklessly!
You are too injured to fight recklessly!
You are too injured to fight recklessly!
You are too injured to fight recklessly!
You hit Terence but do no damage.
Terence screams, "I'm going to kill you!"
Terence barely misses you.
You closely miss Terence. Terence hits you with a flail.
* * * LOW HITPOINT WARNING * * *
You hit Terence but do no damage. You hit Terence but do no damage.
Terence hits you with a flail!
You die...

####### #####
....... ....#
....... ....#
..... ....# ....
....# #..
###@...# #..###
#.@)...#
#...######.#....#
###.##.....###.##
#<..#.......# #
#.†.........#
#†..........#
#...#.......#
#...........#
###.........#


You could see Terence.

Vanquished Creatures
  2 giant cockroaches (D:2)
  2 hobgoblins (D:1)
  A kobold (D:2)
  2 bats (D:1)
  A giant newt (D:1)
  2 rats
10 creatures vanquished.

Notes
Turn   | Place    | Note
--------------------------------------------------------------
     0 | D:1      | jacquesderrida the Demonspawn Skald began the quest for the Orb.
     0 | D:1      | Reached XP level 1. HP: 16/16 MP: 3/3
   181 | D:1      | Found an iron altar of Okawaru.
   385 | D:1      | Reached skill level 3 in Charms
   445 | D:2      | Gained mutation: You are partially covered in slimy green scales (AC +2). [demonic ancestry]
   445 | D:2      | Reached XP level 2. HP: 11/22 MP: 5/5
   469 | D:2      | Noticed Terence
   481 | D:2      | HP: 1/22 [Terence/flail (4)]
   483 | D:2      | Slain by Terence

Skill      XL: |  1 |
---------------+----+-----
Charms         | 3 |  3.1
Fighting       | |  2.0
Polearms       | |  1.8
Armour         | |  0.8
Dodging        | |  0.8
Spellcasting   | |  2.1

Action                   || total
-------------------------++-------
Melee: Spear             ||    52
Armor: Leather armour    ||    16
Dodge: Dodged            ||    26
Block: Other             ||     6
